 Dungeon Crawl Stone Soup version 0.22-a0-608-g8a62e23 (webtiles) character file.

138 sking99 the Insei (level 5, -12/42 HPs)
             Began as a Draconian Transmuter on July 9, 2018.
             Killed by divine providence
             ... invoked by an orc priest
              (15 damage)
             ... on level 3 of the Dungeon.
             The game lasted 00:03:58 (3079 turns).

sking99 the Insei (Draconian Transmuter)            Turns: 3079, Time: 00:03:59

Health: -12/42     AC:  7    Str: 12    XL:     5   Next: 1%
Magic:  8/8        EV: 12    Int: 14    God:
Gold:   141        SH:  0    Dex: 12    Spells: 5/8 levels left

rFire    . . .     SeeInvis .     - Unarmed
rCold    . . .     Gourm    .   (no shield)
rNeg     . . .     Faith    .   (armour unavailable)
rPois    +         Spirit   .   (helmet restricted)
rElec    .         Reflect  .   m - +0 cloak {rPois}
rCorr    .         Harm     .   h - +0 pair of gloves
MR       .....                  (no boots)
Stlth    +.........             (no amulet)
HPRegen  0.14/turn              (no ring)
MPRegen  0.11/turn              (no ring)

@: very slightly contaminated, drained
A: unfitting armour, cold-blooded, AC +5
a: no special abilities


You were on level 3 of the Dungeon.
You were not hungry.

You visited 1 branch of the dungeon, and saw 3 of its levels.

You collected 141 gold pieces.

Inventory:

Missiles
 a - 8 arrows
Armour
 h - a +0 pair of gloves (worn)
 m - a +0 cloak of poison resistance (worn)
Jewellery
 b - a cursed amulet of inaccuracy {unknown}
Wands
 g - a wand of flame (14)
Scrolls
 e - 2 scrolls of remove curse {unknown}
 j - a scroll of identify {unknown}
 k - 2 scrolls of fear {unknown}
Potions
 d - a potion of lignification
 f - a potion of mutation {unknown}
 i - a potion of magic {unknown}
Comestibles
 c - 4 rations


   Skills:
 + Level 2.7(2.6) Fighting
 - Level 1.7(1.6) Dodging
 * Level 4.6(4.5) Unarmed Combat
 - Level 2.0(1.9) Spellcasting
 + Level 2.9(2.8) Transmutations


You had 5 spell levels left.
You knew the following spells:

 Your Spells              Type           Power        Failure   Level  Hunger
a - Beastly Appendage     Tmut           #.....       8%          1    ##.....
b - Sticks to Snakes      Tmut           #.......     12%         2    ###....

Your spell library contained the following spells:

 Spells                   Type           Power        Failure   Level  Hunger
 Apportation              Tloc           #.....       24%         1    ##.....
 Spider Form              Tmut/Pois      #.........   38%         3    ####...
 Blade Hands              Tmut           #.........   91%         5    ######.
 Ice Form                 Ice/Tmut       #.......     80%         4    #####..


Dungeon Overview and Level Annotations

Branches:
Dungeon (3/15)

Altars:
Kikubaaqudgha
Sif Muna
Vehumet


Innate Abilities, Weirdness & Mutations

Your plain brown scales are hard. (AC +5)
You cannot fit into any form of body armour.
You are cold-blooded and may be slowed by cold attacks.


Message History

You hit the orc priest but do no damage.
Your tail-slap misses the orc priest.
The orc priest is heavily wounded.
The orc hits you but does no damage. The orc priest hits you with a trident.
You completely miss the orc priest.
The orc priest is heavily wounded.
The orc hits you but does no damage.
The orc priest mumbles some strange prayers to Beogh against you.
Beogh smites you!
* * * LOW HITPOINT WARNING * * *
The orc priest hits you but does no damage.
Things that are here:
a hand axe; an orc corpse You see here a stone.
The orc priest looks braver for a moment.
There is a stone staircase leading up here.
The orc barely misses you.
The orc priest calls down the wrath of Beogh upon you.
Beogh smites you!
You die...

#......# ##
###.##.## ..
#.....######.#
####.........#
#####..#..###
#.....###.######
#....))(.......###
#....###o.o.##...#
#..>..#####@..#
###....# ###..#
#...o# .#
#.......# .#
###.....# #
##...... ##..##o#
#.. .. .#. .


You could see an orc priest and an orc.

Vanquished Creatures
  Crazy Yiuf (D:2)
  Robin (D:2)
  3 adders (D:2)
  5 worms
  3 dart slugs
  2 leopard geckos
  2 orcs (D:3)
  14 goblins
  10 hobgoblins
  3 jackals (D:2)
  3 kobolds (D:1)
  A ball python (D:2)
  4 bats
  A frilled lizard (D:2)
  3 rats
56 creatures vanquished.

Vanquished Creatures (collateral kills)
  A hobgoblin (D:2)
1 creature vanquished.

Grand Total: 57 creatures vanquished

Notes
Turn   | Place    | Note
-------+----------+-------------------------------------------
     0 | D:1      | sking99 the Draconian Transmuter began the quest for the Orb.
     0 | D:1      | Reached XP level 1. HP: 16/16 MP: 3/3
   223 | D:1      | Reached XP level 2. HP: 23/23 MP: 5/5
   227 | D:1      | Learned a level 2 spell: Sticks to Snakes
  1082 | D:2      | Reached XP level 3. HP: 18/29 MP: 6/6
  1396 | D:2      | Reached skill level 4 in Unarmed Combat
  1689 | D:2      | Reached XP level 4. HP: 36/36 MP: 5/7
  1712 | D:2      | Noticed Robin
  1752 | D:2      | Killed Robin
  2245 | D:2      | Found a runed door.
  2514 | D:2      | Found a radiant altar of Vehumet.
  2574 | D:2      | Found an ancient bone altar of Kikubaaqudgha.
  2600 | D:2      | Found a deep blue altar of Sif Muna.
  2606 | D:2      | Identified Sif Muna's Incunabulum of the Compass
  2753 | D:2      | Noticed Crazy Yiuf
  2762 | D:2      | Killed Crazy Yiuf
  3055 | D:3      | Reached XP level 5. HP: 29/42 MP: 6/8
  3072 | D:3      | HP: 2/42 [orc priest/divine providence (12)]
  3079 | D:3      | Killed from afar by an orc priest

Vault maps used:
D:1:      eino_arrival_tree_alley
D:2:      grunt_temple_overflow_magic_moments, uniq_robin,
          uniq_crazy_yiuf_cottage
D:3:      nemelex_xobeh_ov_fountains_minmay, minmay_item_behind_shaft,
          kennysheep_generic_room_15

Skill      XL: |  1  2  3 |
---------------+----------+-----
Fighting       | 2 |  2.7
Unarmed Combat | 4 |  4.6
Dodging        | |  1.7
Spellcasting   | |  2.0
Transmutations | |  2.9

Action                   |  1- 3 |  4- 6 || total
-------------------------+-------+-------++-------
Melee: Unarmed           |   114 |    81 ||   195
       Tailslap          |    17 |    12 ||    29
       Headbutt          |     1 |     1 ||     2
       Kick              |       |     2 ||     2
 Cast: Sticks to Snakes  |     2 |     2 ||     4
       Beastly Appendage |     1 |     3 ||     4
  Use: Potion            |       |     1 ||     1
 Stab: Sleeping          |     3 |       ||     3
  Eat: Chunk             |     3 |     4 ||     7
Armor: Skin              |    30 |    25 ||    55
Dodge: Dodged            |    49 |    49 ||    98

Table legend:
 A = Spawn XP
 B = Non-spawn XP
 C = Spawn XP percentage of total XP
 D = Spawn monster count
 E = Non-spawn monster count
 F = Spawn count percentage of total count
 G = Total turns spent on level
                    A         B        C        D         E        F      G
               +---------+---------+-------+---------+---------+-------+---------
         Total |       0 |     198 |   0.0 |       0 |      57 |   0.0 |  3079
               +---------+---------+-------+---------+---------+-------+---------
           D:1 |       0 |      29 |   0.0 |       0 |      15 |   0.0 |  1019
           D:2 |       0 |     155 |   0.0 |       0 |      37 |   0.0 |  1929
           D:3 |       0 |      14 |   0.0 |       0 |       5 |   0.0 |   131
               +---------+---------+-------+---------+---------+-------+---------
